 Dungeon Crawl Stone Soup version 0.30-a0-269-gf0224bf7b6 (webtiles) character file.

Game seed: 16792625657844573800

2145 billz999 the Transmogrifier (level 9, -2/59 HPs)
             Began as a Vampire Earth Elementalist on Oct 15, 2022.
             Was an Initiate of Kikubaaqudgha.
             Slain by an orc warrior
             ... wielding a +0 hand axe
              (13 damage)
             ... on level 7 of the Dungeon.
             The game lasted 00:16:08 (5935 turns).

billz999 the Transmogrifier (VpEE)                  Turns: 5935, Time: 00:16:09

Health: -2/59      AC:  6    Str:  7    XL:     9   Next: 9%
Magic:  4/16       EV: 12    Int: 21    God:    Kikubaaqudgha [......]
Gold:   223        SH:  0    Dex: 15    Spells: 13/18 levels left

rFire   . . .      SeeInvis +    c - +0 dagger
rCold   . . .      Faith    .    (no shield)
rNeg    . . .      Spirit   .    a - +1 robe
rPois   .          Reflect  .    (no helmet)
rElec   .          Harm     .    o - +0 cloak
rCorr   .          Rampage  .    (no gloves)
Will    .....                    B - +1 pair of boots {Fly}
Stlth   ++........               h - amulet of magic regeneration
HPRegen 0.49/turn                (no ring)
MPRegen 0.55/turn                (no ring)

@: flying, healing quickly
A: alive, fangs 3, see invisible, vampiric 2
a: Exsanguinate, Renounce Religion


You were on level 7 of the Dungeon.
You worshipped Kikubaaqudgha.
Kikubaaqudgha was noncommittal.
You visited 1 branch of the dungeon, and saw 7 of its levels.

You collected 455 gold pieces.
You spent 232 gold pieces at shops.

Inventory:

Hand Weapons
 c - a +0 dagger (weapon)
Missiles
 D - a throwing net
Armour
 a - a +1 robe (worn)
 o - a +0 cloak (worn)
 w - the +3 leather armour "Tewkerph" {Slay+2}
   (You found it on level 5 of the Dungeon)

   Slay:      It affects your accuracy & damage with ranged weapons and melee
   (+2).
 y - a +0 buckler
 B - a +1 pair of boots of flying (worn)
Jewellery
 h - an amulet of magic regeneration (around neck)
 r - an amulet of reflection
Scrolls
 d - a scroll of enchant armour
 g - a scroll of poison {unknown}
 l - a scroll of teleportation
 m - a scroll of enchant weapon {unknown}
 q - a scroll of fear {unknown}
 u - a scroll of brand weapon {unknown}
 v - a scroll of vulnerability {unknown}
 x - 2 scrolls of identify
 C - a scroll of magic mapping {unknown}
Potions
 b - a potion of magic
 e - a potion of heal wounds
 f - 2 potions of might
 i - a potion of flight
 j - a potion of brilliance {unknown}
 k - a potion of cancellation {unknown}
 n - a potion of mutation {unknown}
 p - 2 potions of lignification {unknown}
 s - a potion of attraction {unknown}
 t - a potion of haste {unknown}
 z - a potion of resistance {unknown}
 A - 3 potions of degeneration {unknown}


   Skills:
 - Level 1.2 Fighting
 - Level 0.7 Long Blades
 - Level 0.3 Polearms
 - Level 2.1 Dodging
 - Level 3.0 Stealth
 - Level 1.2 Unarmed Combat
 - Level 5.1 Spellcasting
 - Level 0.2 Hexes
 - Level 0.1 Necromancy
 * Level 9.6 Transmutations
 - Level 0.1 Ice Magic
 + Level 6.3 Earth Magic
 - Level 0.1 Evocations


You had 13 spell levels left.
You knew the following spells:

 Your Spells              Type           Power      Damage    Failure   Level
a - Sandblast             Erth           64%        2d14      1%          1
b - Petrify               Tmut/Erth      38%        N/A       4%          4

Your spell library contained the following spells:

 Spells                   Type           Power      Damage    Failure   Level
 Passwall                 Tmut/Erth      31%        N/A       1%          2
 Stone Arrow              Conj/Erth      36%        3d9       9%          3
 Apportation              Tloc           10%        N/A       11%         1
 Alistair's Intoxication  Tmut/Pois      16%        N/A       38%         5


Dungeon Overview and Level Annotations

Branches:
Dungeon (7/15)
 Temple: D:4-7

Altars:
Gozag
Kikubaaqudgha
Makhleb
Okawaru
Qazlal
Uskayaw
Wu Jian

Shops:
D:6 [

Annotations:
D:6 3 runed translucent doors, porpoise's ghost, novice DsGl; tbh1313's ghost, novice MiBe


Innate Abilities, Weirdness & Mutations

Your natural rate of healing is accelerated.
You have razor-sharp teeth.
You have supernaturally acute eyesight. (SInv)
You are afflicted with vampirism and can become a bat while bloodless.


Message History

Kikubaaqudgha accepts your kill.
The orc wizard hits you with a +0 dagger.
The orc wizard hits you with a +0 dagger.
Casting: Sandblast (safe; 1% risk of failure)
Confirm with . or Enter, or press ? or * to list all spells.
Aiming: Petrify (dangerous; 4% risk of failure)
Press: ? - help, Shift-Dir - straight line, f - orc wizard
Aim: an orc wizard, wielding a +0 dagger and wearing a +0 robe (lightly wounded, slightly transparent, chance to affect: 65%)
The orc wizard struggles to resist.
The orc wizard points at you and mumbles some strange words.
The magic dart hits you!
Casting: Petrify (dangerous; 4% risk of failure)
Confirm with . or Enter, or press ? or * to list all spells.
Aiming: Sandblast (safe; 1% risk of failure)
Press: ? - help, Shift-Dir - straight line, f/p - orc wizard
Aim: an orc wizard, wielding a +0 dagger and wearing a +0 robe (lightly wounded, slightly transparent, 80% to hit)
The blast of sand hits the orc wizard!
You kill the orc wizard!
Kikubaaqudgha accepts your kill.
You see here a +0 shortbow.
The orc warrior attacks as you move away!
The orc warrior hits you with a +0 hand axe.
Casting: Sandblast (safe; 1% risk of failure)
Confirm with . or Enter, or press ? or * to list all spells.
Aiming: Petrify (dangerous; 4% risk of failure)
Press: ? - help, Shift-Dir - straight line, f - orc warrior
Aim: an orc warrior, wielding a +0 hand axe and wearing a +0 chain mail (chance to affect: 65%)
The orc warrior struggles to resist.
The orc warrior hits you with a +0 hand axe!
The orc warrior attacks as you move away!
The orc warrior hits you with a +0 hand axe.
The orc warrior attacks as you move away!
The orc warrior hits you with a +0 hand axe!
The orc warrior attacks as you move away!
The orc warrior hits you with a +0 hand axe!
* * * LOW HITPOINT WARNING * * *
The orc warrior attacks as you move away!
The orc warrior hits you with a +0 hand axe!
You die...
Kikubaaqudgha rasps: "You have failed me!
Welcome... death!"

#..........[.......#
####.##.##..#######.##
..#####.##..##.######
............#......#
............#......#
<........).<'......#
............#......##
......|.....#...>...#
#######..##.####@##...#
#..#### #o####+# ....#
#......+ .....#
#.....)# .......#
#......# ##.....#
#†.....# #.....#
#......# #..o.^.#
#.....##


You could see an orc warrior and an orc (wandering).

Vanquished Creatures
  An orc warrior (D:6)
  An ice beast (D:7)
  2 black bears (D:6)
  A sky beast (D:7)
  3 centaurs
  2 phantoms
  2 bullfrogs
  A necrophage (D:5)
  3 scorpions
  4 wights (D:6)
  A gnoll bouda (D:6)
  An orc priest (D:7)
  6 hounds
  A jelly (D:5)
  8 iguanas
  3 orc wizards
  8 adders
  2 gnolls
  A shadow imp (D:5)
  2 ufetubi
  2 worms
  4 dart slugs
  8 orcs
  4 bats
  7 endoplasms
  5 giant cockroaches
  3 goblins
  7 hobgoblins
  6 jackals
  A quokka (D:1)
  4 ball pythons
  3 frilled lizards
  7 kobolds
  5 rats (D:1)
119 creatures vanquished.

Vanquished Creatures (others)
  6 withered plants (D:6)
6 creatures vanquished.

Grand Total: 125 creatures vanquished

Notes
Turn   | Place    | Note
-------+----------+-------------------------------------------
     0 | D:1      | billz999 the Vampire Earth Elementalist began the quest for
                  | the Orb.
     0 | D:1      | Reached XP level 1. HP: 13/13 MP: 3/3
     6 | D:1      | Noticed a hound
     7 | D:1      | Noticed a polar bear
     7 | D:1      | Noticed a water moccasin
   291 | D:1      | Reached skill level 2 in Transmutations
   389 | D:1      | Reached XP level 2. HP: 19/19 MP: 3/5
   541 | D:1      | Reached skill level 1 in Unarmed Combat
   865 | D:1      | Found a faded altar of an unknown god.
  1101 | D:1      | Gained mutation: You are afflicted with vampirism and can
                  | become a bat while bloodless. [Vampire growth]
  1101 | D:1      | Reached XP level 3. HP: 24/24 MP: 3/6
  2012 | D:3      | Reached skill level 3 in Transmutations
  2067 | D:3      | Reached XP level 4. HP: 17/30 MP: 2/8
  2673 | D:4      | Reached XP level 5. HP: 30/35 MP: 2/10
  2800 | D:4      | Learned a level 4 spell: Petrify
  2910 | D:4      | Reached skill level 4 in Transmutations
  3299 | D:4      | Reached skill level 1 in Fighting
  3375 | D:4      | Found an opulent altar of Gozag.
  3375 | D:4      | Found an ornate altar of the Wu Jian Council.
  3414 | D:4      | Reached XP level 6. HP: 43/43 MP: 10/12
  3709 | D:5      | Entered Level 5 of the Dungeon
  3966 | D:5      | Reached skill level 5 in Transmutations
  3966 | D:5      | Reached XP level 7. HP: 39/48 MP: 11/13
  4088 | D:5      | Identified the +3 leather armour "Tewkerph" {Slay+2}
  4277 | D:5      | Found a stormy altar of Qazlal.
  4283 | D:5      | Reached skill level 6 in Transmutations
  4407 | D:6      | Reached skill level 5 in Spellcasting
  4453 | D:6      | Reached XP level 8. HP: 52/54 MP: 12/15
  4654 | D:6      | Found Qasyci's Antique Armour Shoppe.
  4657 | D:6      | Bought a pair of embroidered boots for 232 gold pieces
  4677 | D:6      | Reached skill level 7 in Transmutations
  4755 | D:6      | Reached skill level 5 in Earth Magic
  4769 | D:6      | Found a burning altar of Makhleb.
  4885 | D:6      | Reached skill level 8 in Transmutations
  4965 | D:6      | Found an ancient bone altar of Kikubaaqudgha.
  4965 | D:6      | Found a hide-covered altar of Uskayaw.
  5091 | D:6      | Became a worshipper of Kikubaaqudgha
  5156 | D:6      | Found an iron altar of Okawaru.
  5287 | D:6      | Found a runed translucent gate.
  5288 | D:6      | Found a runed translucent gate.
  5288 | D:6      | Found a runed translucent gate.
  5289 | D:6      | Noticed tbh1313's ghost (novice MiBe)
  5289 | D:6      | Noticed porpoise's ghost (novice DsGl)
  5679 | D:7      | Reached skill level 9 in Transmutations
  5835 | D:7      | Reached XP level 9. HP: 46/59 MP: 16/16
  5935 | D:7      | Slain by an orc warrior

Illustrated notes

Levels and vault maps discovered:
D:1:      onia_arrival_zoo_common, layout_basic,
          shapermc_ecumenical_altar_mp_vishouse, bh_walls_and_bars
D:2:      layout_rooms
D:3:      layout_basic, serial_rivers, chequers_serial_rivers_micro_e,
          chequers_serial_rivers_small_b, chequers_serial_rivers_room_a,
          chequers_serial_rivers_micro_b, kennysheep_generic_room_11
D:4:      layout_basic, amethyst_overflow_temple_binary, minmay_box_of_dots
D:5:      layout_rooms, marbit_many_paths
D:6:      layout_basic, lemuel_crystal_altar, kennysheep_little_box,
          jmf_multi_god_temple, gammafunk_ghost_cemetery, serial_shops,
          kennysheep_mini_moat
D:7:      layout_gridville, minmay_temple_entry_enclosed_plants

Skill      XL: |  1  2  3  4  5  6  7  8 |
---------------+-------------------------+-----
Transmutations | 2 3 4 5 6 9 |  9.6
Unarmed Combat | 1 |  1.2
Spellcasting   | 3 4 5 |  5.1
Fighting       | 1 |  1.2
Earth Magic    | 4 6 |  6.3
Long Blades    | |  0.7
Polearms       | |  0.3
Dodging        | |  2.1
Stealth        | |  3.0
Hexes          | |  0.2
Necromancy     | |  0.1
Ice Magic      | |  0.1
Evocations     | |  0.1

Action                   |  1- 3 |  4- 6 |  7- 9 || total
-------------------------+-------+-------+-------++-------
Melee: Unarmed           |    18 |       |       ||    18
       Bite              |     3 |       |    20 ||    23
       Dagger            |     8 |     1 |    99 ||   108
       Punch             |       |       |     1 ||     1
 Cast: Sandblast         |    63 |    88 |    61 ||   212
       Petrify           |       |       |    49 ||    49
  Use: Scroll            |     2 |     2 |       ||     4
       Potion            |       |     2 |       ||     2
 Stab: Sleeping          |     1 |       |     5 ||     6
       Petrified         |       |       |    86 ||    86
Armor: Robe              |     9 |    10 |    19 ||    38
Dodge: Dodged            |    31 |    33 |    84 ||   148

Table legend: (Time is in decaauts)
 A = Elapsed time spent in this place.
 B = Non-inter-level travel time spent in this place.
 C = Inter-level travel time spent in this place.
 D = Time resting spent in this place.
 E = Time spent auto-exploring this place.
 F = Levels seen in this place.
 G = Mean time per level.
                   A        B        C        D        E       F      G
               +--------+--------+--------+--------+--------+-----+--------+
         Total |   6045 |   5808 |    237 |    391 |   4327 |   7 |  863.6 |
       Dungeon |   6045 |   5808 |    237 |    391 |   4327 |   7 |  863.6 |
               +--------+--------+--------+--------+--------+-----+--------+

Top non-repeatable levels by time:
     D:6: 1338 daAuts
     D:1: 1337 daAuts
     D:4: 1204 daAuts
     D:3: 757 daAuts
     D:5: 699 daAuts
     D:2: 472 daAuts
     D:7: 236 daAuts
